Map: Cactus Valley LE (Void)

Players

Pseudorandom

Blade - Winner!

  • Race: Zerg Zerg

VOD

http://www.twitch.tv/pseudorandom63/b/646849655

Description

Time

  • Played on: April 6, 2015, 10:57 p.m.
  • Length: 9:04
Show
View Real Time Build Order
Export as new Build Order

Pseudorandom Zerg 

Build Orders: Hatch First 

Get SALT Encoding   

  12  0:01  Drone  
  13  0:13  Overlord  
  13  0:27  Drone  
  14  0:34  Drone  
  14  0:35  Drone  
  16  0:40  Drone  
  17  0:55  Hatchery  
  16  1:01  Drone  
  16  1:03  Drone  
  18  1:14  Drone  
  19  1:21  Spawning Pool  
  19  1:25  Drone  
  19  1:27  Extractor  
  19  1:32  Drone  
  19  1:46  Overlord  
  19  2:04  Drone  
  19  2:07  Queen  
  22  2:08  Zergling x2  
  22  2:09  Drone  
  22  2:11  Queen  
  26  2:20  Drone x2  
  28  2:24  Drone  
  28  2:28  Drone  
  30  2:32  Metabolic Boost  
  30  2:36  Drone  
  31  2:42  Drone  
  32  2:46  Overlord  
  32  2:55  Extractor  
  32  2:56  Roach Warren  
  32  2:57  Drone x2  
  32  3:02  Drone  
  33  3:09  Drone  
  33  3:17  Overlord  
  33  3:20  Overlord  
  33  3:35  Roach  
  33  3:36  Roach x7  
  49  3:47  Drone x2  
  51  3:49  Zergling x4  
  51  3:50  Zergling x4  
  51  3:54  Zergling x2  
  51  3:55  Zergling x2  
  57  4:08  Ravager x2  
  59  4:11  Zergling x2  
  59  4:13  Overlord x2  
  60  4:31  Ravager x2  
  62  4:32  Zergling x2  
  62  4:33  Zergling x20  
  65  5:05  Roach  
  65  5:06  Roach x3  
  66  5:19  Roach x4  
  62  5:29  Roach x2  
  62  5:32  Extractor  
  65  5:40  Roach x2  
  58  5:45  Ravager  
  58  5:46  Spine Crawler x2  
  58  5:48  Hatchery  
  57  5:50  Zergling x4  
  57  5:52  Ravager  
  59  6:03  Zergling x8  
  63  6:04  Ravager  
  63  6:11  Drone x4  
  66  6:13  Ravager  
  69  6:21  Overlord  
  68  6:27  Overlord  
  68  6:46  Lair  
  68  6:47  Drone x3  
  70  6:55  Ravager x2  
  70  6:56  Zergling x4  
  70  6:57  Zergling x8  
  78  7:14  Zergling x2  
  78  7:15  Zergling x4  
  80  7:16  Ravager  
  80  7:17  Ravager x2  
  80  7:19  Overlord x2  
  80  7:20  Hatchery  
  59  8:07  Roach  
  59  8:08  Roach x13  
  65  8:18  Extractor, Zergling x2  
  65  8:23  Roach  
  61  8:40  Roach  
  61  8:41  Roach x5  
Show
View Real Time Build Order
Export as new Build Order

Blade Zerg - Winner!

Build Orders: Hatch First 

Get SALT Encoding   

  12  0:00  Drone  
  13  0:16  Overlord  
  13  0:22  Drone  
  14  0:35  Drone x2  
  16  0:39  Drone  
  17  0:52  Drone  
  18  1:00  Hatchery  
  17  1:08  Drone  
  17  1:09  Extractor  
  17  1:24  Drone  
  18  1:27  Spawning Pool  
  17  1:33  Drone x2  
  19  1:43  Overlord  
  19  1:56  Drone  
  20  2:15  Queen x2  
  24  2:16  Zergling x4  
  24  2:17  Drone  
  24  2:22  Metabolic Boost  
  27  2:30  Drone x2  
  29  2:38  Drone x2  
  31  2:46  Baneling Nest  
  31  2:48  Drone  
  31  2:49  Drone  
  32  2:56  Drone  
  33  2:59  Drone  
  34  3:09  Overlord  
  34  3:17  Drone  
  34  3:18  Drone  
  34  3:19  Roach Warren  
  35  3:24  Overlord  
  35  3:28  Drone x3, Extractor  
  35  3:29  Drone  
  35  3:31  Overlord  
  35  3:32  Drone  
  35  3:33  Drone  
  40  3:35  Drone  
  41  3:45  Drone x2  
  41  3:48  Spore Crawler  
  42  3:59  Roach  
  42  4:01  Roach  
  42  4:02  Hatchery  
  45  4:03  Roach  
  45  4:06  Roach  
  45  4:09  Roach x4  
  58  4:11  Zergling x2  
  58  4:15  Overlord  
  59  4:20  Ravager, Spine Crawler  
  59  4:21  Ravager  
  60  4:29  Spine Crawler  
  59  4:34  Roach  
  59  4:35  Roach x3  
  59  4:36  Zergling x2  
  68  4:46  Overlord x2  
  66  5:00  Zergling x2  
  66  5:05  Roach  
  66  5:06  Roach x4  
  71  5:07  Zergling x4  
  71  5:08  Zergling x4  
  71  5:12  Ravager  
  73  5:24  Roach Warren  
  71  5:31  Roach x2  
  71  5:32  Zergling x6  
  78  5:39  Lair  
  78  5:41  Extractor  
  71  5:52  Drone x2  
  71  5:55  Hatchery  
  71  5:56  Evolution Chamber  
  69  5:59  Ravager x2  
  71  6:04  Drone x2  
  71  6:05  Drone  
  71  6:08  Drone x2  
  71  6:09  Drone x2  
  78  6:12  Ravager, Extractor  
  78  6:25  Roach x2  
  82  6:26  Zergling x4  
  82  6:28  Overlord  
  82  6:30  Zerg Missile Weapons Level 1  
  84  6:43  Glial Reconstitution  
  84  6:47  Drone x2  
  84  6:48  Drone x2  
  84  6:49  Zergling x4  
  84  6:52  Roach  
  92  6:54  Overlord  
  92  6:58  Overseer  
  92  6:59  Overlord  
  92  7:03  Overlord  
  92  7:12  Overlord  
  92  7:19  Ravager x3  
  92  7:20  Ravager  
  92  7:22  Drone x3, Zergling x4  
  101  7:24  Roach, Extractor  
  101  7:38  Roach x2  
  103  7:49  Queen  
  101  8:00  Roach  
  101  8:01  Roach x3  
  101  8:03  Zergling x2  
  101  8:04  Zergling x8  
  100  8:13  Roach x2  
  100  8:15  Overlord  
  100  8:16  Overlord x2  
  100  8:17  Overlord  
  104  8:24  Ravager  
  101  8:39  Roach x2  
  101  8:40  Roach  
  99  8:41  Roach x3  
  99  8:46  Zergling x8  
Tags
 
Add a new tag
Caveats
  • Supply blocks, unpowered buildings, or Contaminate may cause inaccurate times.
  • Supply counts are checked every 10 seconds.